 Dungeon Crawl Stone Soup version 0.26.1-11-gd32895ea62 (webtiles) character file.

Game seed: 1791186732429621605

2067 MisterFreud the Fighter (level 9, -8/81 HPs)
             Began as a Minotaur Abyssal Knight on Apr 26, 2021.
             Was a Priest of Lugonu.
             Mangled by Harold
             ... wielding a +0 scimitar
              (13 damage)
             ... on level 7 of the Dungeon.
             The game lasted 00:07:52 (7789 turns).

MisterFreud the Fighter (Minotaur Abyssal Knight)   Turns: 7789, Time: 00:07:54

Health: -8/81      AC:  7    Str: 27    XL:     9   Next: 5%
Magic:  13/13      EV: 11    Int:  9    God:    Lugonu [***...]
Gold:   155        SH:  0    Dex:  9    Spells: 8/8 levels left

rFire    . . .     SeeInvis .   a - +2 falchion (flame)
rCold    . . .     Faith    .   (no shield)
rNeg     . . .     Spirit   .   b - +0 leather armour
rPois    +         Reflect  .   (helmet restricted)
rElec    .         Harm     .   p - +1 cloak {rPois}
rCorr    .         Rampage  .   n - +0 pair of gloves
Will     .....                  (no boots)
Stlth    +.........             u - amulet of magic regeneration
HPRegen  0.23/turn              o - +6 ring of strength
MPRegen  0.38/turn              (no ring)

@: marked
A: retaliatory headbutt, horns 2
a: Renounce Religion, Depart the Abyss, Bend Space, Banish


You were on level 7 of the Dungeon.
You worshipped Lugonu.
Lugonu was most pleased with you.
You visited 1 branch of the dungeon, and saw 7 of its levels.
You visited the Abyss 1 time.
You also visited: Sewer.

You collected 324 gold pieces.
You spent 169 gold pieces at shops.

Inventory:

Hand Weapons
 a - a +2 falchion of flaming (weapon)
Missiles
 g - 5 atropa-tipped darts
 v - 15 poisoned darts
 y - a boomerang
 E - 6 curare-tipped darts
Armour
 b - a +0 leather armour (worn)
 n - a +0 pair of gloves (worn)
 p - a +1 cloak of poison resistance (worn)
Jewellery
 o - a +6 ring of strength (left hand)
 u - an amulet of magic regeneration (around neck)
 G - an uncursed ring of positive energy {unknown}
Wands
 w - a wand of acid (10)
Scrolls
 d - 3 scrolls of identify
 i - a scroll of magic mapping
 k - 2 scrolls of teleportation
 m - 4 scrolls of enchant weapon
 s - 2 scrolls of fear
 A - a scroll of vulnerability {unknown}
 D - a scroll of amnesia {unknown}
 F - a scroll of remove curse
Potions
 c - 5 potions of ambrosia {unknown}
 e - 5 potions of curing {unknown}
 f - a potion of mutation
 h - a potion of haste
 j - 7 potions of heal wounds
 l - 3 potions of flight {unknown}
 q - a potion of magic {unknown}
 r - a potion of cancellation
 t - a potion of lignification {unknown}
 x - 2 potions of might {unknown}
 z - a potion of berserk rage {unknown}
 B - a potion of attraction {unknown}
 C - a potion of degeneration


   Skills:
 - Level 8.0 Fighting
 + Level 6.9 Long Blades
 - Level 6.0 Armour
 - Level 1.1 Dodging
 + Level 7.7 Invocations


You had 8 spell levels left.
You didn't know any spells.
Your spell library was empty.

Dungeon Overview and Level Annotations

Branches:
Dungeon (7/15)             Temple (0/1) D:5           Sewer (visited)

Altars:
Elyvilon
Gozag
Kikubaaqudgha
Ru

Shops:
D:5 *

Annotations:
D:7 Harold


Innate Abilities, Weirdness & Mutations

You reflexively headbutt those who attack you in melee.
You have a pair of horns on your head.


Message History

* * * LOW HITPOINT WARNING * * *
You hit Harold. You burn Harold. You headbutt Harold!
Harold is heavily wounded.
Harold hits you with a +0 scimitar!
* * * LOW HITPOINT WARNING * * *
You hit Harold but do no damage.
Harold is heavily wounded.
Harold points at you and mumbles some strange words.
The mark upon you grows brighter.
A centaur comes into view.
You hit Harold but do no damage.
Harold is heavily wounded.
Harold hits you but does no damage.
You hit Harold. You burn Harold. You headbutt Harold.
Harold is heavily wounded.
The centaur wields a +0 shortbow.
The centaur shoots an arrow.
The arrow hits you.
* * * LOW HITPOINT WARNING * * *
Harold hits you with a +0 scimitar!
You die...

#.........
#......... .##
#####..### #..#
###..## #..##
##...## #..##
##..### #
##..#####..##
....##.....#.(.##
.?....@@....(###
..#..........#
##.........#
#..##c.....# #..#
#......# ....
#.......# ....
......... . ....
..##......# . .


You could see Harold and a centaur.

Vanquished Creatures
  Menkaure (D:6)
  A sky beast (D:5)
  Duvessa (D:5)
  An ice beast (D:6)
  A necrophage (D:6)
  2 phantoms
  2 ogres (D:5)
  2 big kobolds
  Blork the orc (D:5)
  2 bullfrogs (D:6)
  Dowan (D:5)
  A scorpion (D:5)
  A howler monkey (D:4)
  A centaur zombie (D:6)
  2 hounds (D:6)
  A centaur skeleton (D:6)
  An orc priest (D:6)
  A bullfrog skeleton (D:6)
  5 orc wizards
  An iguana (D:4)
  6 worker ants
  A hound skeleton (D:5)
  A howler monkey zombie (D:5)
  5 adders
  3 river rats
  2 shadow imps
  2 ufetubi
  An ooze (D:4)
  3 adder skeletons
  4 worms
  2 dart slugs
  6 leopard geckos
  13 orcs
  7 bats (D:1)
  4 giant cockroaches
  6 goblins
  8 hobgoblins
  A jackal (Sewer)
  19 kobolds
  A quokka (D:4)
  3 ball pythons
  3 frilled lizards
  A leopard gecko skeleton (D:4)
  A leopard gecko zombie (D:5)
  A quokka zombie (D:6)
  7 rats
140 creatures vanquished.

Notes
Turn   | Place    | Note
-------+----------+-------------------------------------------
     0 | Abyss:1  | MisterFreud the Minotaur Abyssal Knight began the quest for
                  | the Orb.
     0 | Abyss:1  | Reached XP level 1. HP: 19/19 MP: 1/1
    12 | D:1      | Escaped the Abyss
    85 | D:1      | Reached skill level 4 in Fighting
   128 | D:1      | Reached XP level 2. HP: 22/28 MP: 2/2
   231 | D:1      | You fall into a shaft and drop 1 floor!
   681 | D:1      | Reached skill level 5 in Fighting
   903 | D:1      | Reached XP level 3. HP: 36/36 MP: 3/3
   983 | D:1      | Reached ** piety under Lugonu
  2121 | D:2      | Reached skill level 6 in Fighting
  2121 | D:2      | Reached XP level 4. HP: 37/44 MP: 4/4
  2609 | D:3      | Found a glowing drain.
  2613 | Sewer    | Entered a sewer
  2737 | Sewer    | Noticed a big kobold
  2757 | Sewer    | Killed a big kobold
  2758 | Sewer    | Reached skill level 7 in Fighting
  2758 | Sewer    | Reached XP level 5. HP: 33/52 MP: 5/5
  2888 | Sewer    | Found a white marble altar of Elyvilon.
  3250 | D:4      | Reached skill level 8 in Fighting
  3259 | D:4      | Reached XP level 6. HP: 45/61 MP: 6/6
  3738 | D:4      | Reached *** piety under Lugonu
  4229 | D:4      | Reached XP level 7. HP: 63/68 MP: 8/8
  4529 | D:3      | Found a sacrificial altar of Ru.
  4604 | D:5      | Entered Level 5 of the Dungeon
  4661 | D:5      | Found Xyutel's Assorted Antiques.
  4664 | D:5      | Bought a pitted pewter ring for 95 gold pieces
  4664 | D:5      | Identified the ring of Nacudd {Wiz *Slow rPois MP+9 Str+7}
                  | (You bought it in a shop on level 5 of the Dungeon)
  4670 | D:5      | Bought a scroll labelled QIAKKI BEQOTEBB for 19 gold pieces
  4670 | D:5      | Bought a scroll labelled RYPSOCUMAO for 19 gold pieces
  4670 | D:5      | Bought a scroll labelled KIAFRA PARHAPT for 19 gold pieces
  4670 | D:5      | Bought a puce potion for 17 gold pieces
  4800 | D:5      | Noticed Blork the orc
  4819 | D:5      | Killed Blork the orc
  4820 | D:5      | Reached skill level 5 in Armour
  5023 | D:5      | Found a white marble altar of Elyvilon.
  5245 | D:5      | Reached skill level 5 in Invocations
  5674 | D:5      | Reached XP level 8. HP: 67/74 MP: 11/11
  5881 | D:5      | Found a staircase to the Ecumenical Temple.
  5909 | D:5      | Noticed Duvessa
  5912 | D:5      | Noticed Dowan
  5916 | D:5      | Killed Duvessa
  5922 | D:5      | Killed Dowan
  6481 | D:6      | Noticed Menkaure
  6486 | D:6      | Killed Menkaure
  6487 | D:6      | Reached skill level 5 in Long Blades
  7105 | D:6      | Reached XP level 9. HP: 72/81 MP: 13/13
  7477 | D:6      | Found an ancient bone altar of Kikubaaqudgha.
  7485 | D:6      | Found an opulent altar of Gozag.
  7775 | D:7      | Noticed Harold
  7789 | D:7      | Mangled by Harold

Illustrated notes

Levels and vault maps discovered:
D:1:      ncdulo_smallfort, layout_basic, solitary_fountain,
          minmay_indecisive_spiral
D:2:      cheibrodos_helix_gallery, layout_basic
D:3:      lemuel_upstairs_altar, layout_basic, gup_sewer_entry_bowl
D:4:      layout_basic, serial_bayou_pond_d
D:5:      layout_basic, minmay_temple_entry_butterflies, serial_shops,
          nicolae_shop_behind_doors, minmay_misc_feat_tiny, elyvilon_altar_3,
          uniq_duvessa, uniq_blork_the_orc
D:6:      layout_basic, nicolae_overflow_hidden_temple, serial_co_window_serial,
          co_window_paths_b, co_window_corner_a, co_window_paths_a,
          co_window_corner_a, co_window_paths_a, co_window_2corner,
          co_window_corner_cb, co_window_broadway_b, co_window_of_opportunity_b,
          co_window_corner_cb, co_window_corner_ca, glass_columns_a,
          glass_columns_c, glass_columns_a, uniq_menkaure
D:7:      layout_cave_pods, nicolae_dithmenos_shadow_blocks, lemuel_round_altar,
          serial_shops, nicolae_shop_window_shopping, uniq_prince_ribbit1,
          uniq_harold, uniq_maggie

Skill      XL: |  1  2  3  4  5  6  7  8 |
---------------+-------------------------+-----
Fighting       | 4 5 6 7 8 |  8.0
Invocations    | 2 3 5 7 |  7.7
Armour         | 4 6 |  6.0
Long Blades    | 6 |  6.9
Dodging        | |  1.1

Action                   |  1- 3 |  4- 6 |  7- 9 || total
-------------------------+-------+-------+-------++-------
Melee: Falchion          |    85 |   131 |   165 ||   381
       Headbutt          |     9 |    26 |    41 ||    76
  Use: Scroll            |       |       |    14 ||    14
Armor: Leather armour    |    41 |    46 |    46 ||   133
Dodge: Dodged            |    77 |    69 |    78 ||   224
       Rpst.: Falchion   |    19 |    25 |    14 ||    58
